 Zot Defence DCSS version 0.15.2 (webtiles) character file.

464 Zephyr the Chopper (level 6, 0/17 (58) HPs)
             Began as a Deep Dwarf Fighter on Nov 1, 2018.
             Slain by an ogre
             ... wielding a +0 giant club
              (17 damage)
             ... in the Realm of Zot (Scenario I: Hall of Zot).
             The game lasted 00:04:43 (629 turns).

Zephyr the Chopper (Deep Dwarf Fighter)              Turns: 629, Time: 00:04:43

HP   0/17 (58)   AC  7     Str 21      XL: 6   Next: 80%
MP   6/6         EV  7     Int  9      God:
Gold 0           SH 10     Dex 12      Spells:  0 memorised,  5 levels left

rFire  . . .     SeeInvis .     a - +0 war axe
rCold  . . .     Clarity  .     b - +0 scale mail
rNeg   . . .     rCorr    .     c - +0 shield
rPois  .         rRot     .     (no helmet)
rElec  .         Spirit   .     (no cloak)
SustAb .         Warding  .     (no gloves)
rMut   .         Stasis   .     (no boots)
Gourm  .                        (no amulet)
MR     .....                    (no ring)
                                (no ring)

@: non-regenerating, not resistant to hostile enchantments, extremely unstealthy
A: damage resistance, recharge devices, sense surroundings 1, slow healing 3
a: Make oklob sapling, Make arrow trap, Make plant, Remove Curse, Make burning
bush, Make altar, Make grenades, Device Recharging


You were in the Realm of Zot.
You were not hungry.

You visited 1 branch

Inventory:

Hand weapons
 a - a +0 war axe (weapon)
Armour
 b - a +0 scale mail (worn)
 c - a +0 shield (worn)
Magical devices
 d - a wand of heal wounds (5)
Comestibles
 g - a bread ration
 m - 2 rotting chunks of hound flesh
 o - a rotting chunk of goblin flesh
 p - a rotting chunk of bat flesh
 q - a rotting chunk of rat flesh
 r - a rotting chunk of rat flesh
 s - a rotting chunk of bat flesh
 t - a rotting chunk of bat flesh
 u - a chunk of rat flesh
 w - a chunk of bat flesh
Scrolls
 l - a scroll of blinking
Potions
 e - a potion of might
 f - 3 potions of curing
 h - a potion of heal wounds
 i - a potion of haste
 j - 2 potions of magic
 k - a potion of berserk rage


   Skills:
 + Level 4.4 Fighting
 + Level 4.9 Axes
 + Level 4.5 Armour
 + Level 0.2 Dodging
 + Level 4.8 Shields


You had 5 spell levels left.
You didn't know any spells.

Dungeon Overview and Level Annotations

Branches:
    Zot (1/1)

Altars:


Innate Abilities, Weirdness & Mutations

You are resistant to damage.
You can recharge devices by infusing magical energy.
You passively map a small area around you.
You do not heal naturally.


Message History

Your flesh rots away as the Orb of Zot is desecrated. x2
The ogre closely misses you.
Your flesh rots away as the Orb of Zot is desecrated.
Your flesh rots away as the Orb of Zot is desecrated.
You hit the ogre.
The ogre is lightly wounded.
You closely miss the giant gecko.
Your flesh rots away as the Orb of Zot is desecrated. x2
The ogre closely misses you.
Your flesh rots away as the Orb of Zot is desecrated.
Pnaff the hound comes into view.
You miss the giant gecko.
Your flesh rots away as the Orb of Zot is desecrated.
You hit the ogre.
The ogre is moderately wounded.
Your flesh rots away as the Orb of Zot is desecrated. x3
Pnaff pauses to sniff the ground.
The ogre hits you with a giant club!!
Ouch! That really hurt!
You die...

###### ############ .####
####....... ....### ###..........
......## ##............ .......#
▓▓▓▓▓▓▓▓▓ #.............
.......▓▓▓.......▓▓▓.............
.......▓▓.........▓▓.............
.......▓.....O.....▓....)........
............hb%l@Oh......%.......
.......▓.....K%....▓.............
.......▓▓.........▓▓.............
.......▓▓▓.......▓▓▓.............
.......▓ ▓▓▓▓▓▓▓▓▓ ▓.............
......▓▓ ▓▓............ ....▓▓▓
▓▓▓.......... .▓▓▓▓ ▓▓▓▓.......
▓▓▓▓▓ ▓▓▓▓▓▓▓▓▓▓▓


You could see 2 ogres, Pnaff the hound, a giant gecko, a jackal, a bat and a
kobold.

Vanquished Creatures
  Sigmund (Zot)
  A hippogriff zombie (Zot)
  A hound (Zot)
  A giant mite (Zot)
  A worm (Zot)
  A giant gecko (Zot)
  An ooze (Zot)
  8 goblins (Zot)
  3 hobgoblins (Zot)
  10 kobolds (Zot)
  2 ball pythons (Zot)
  14 bats (Zot)
  3 giant newts (Zot)
  2 jackals (Zot)
  7 rats (Zot)
56 creatures vanquished.

Notes
Turn   | Place    | Note
--------------------------------------------------------------
     0 | Zot      | Zephyr, the Deep Dwarf Fighter, began the quest for the Orb.
     0 | Zot      | Reached XP level 1. HP: 20/20 MP: 1/1
   205 | Zot      | Reached XP level 2. HP: 27/27 MP: 2/2
   219 | Zot      | Noticed Wekuis
   247 | Zot      | Killed Wekuis the hound
   247 | Zot      | Reached skill level 4 in Armour
   247 | Zot      | Reached XP level 3. HP: 32/34 MP: 3/3
   247 | Zot      | Reached XP level 4. HP: 39/42 MP: 4/4
   421 | Zot      | Reached XP level 5. HP: 44/50 MP: 5/5
   493 | Zot      | Reached XP level 6. HP: 50/57 MP: 6/6
   506 | Zot      | Noticed Sigmund
   546 | Zot      | Killed Sigmund
   629 | Zot      | Slain by an ogre

Action                   |  1- 3 |  4- 6 || total
-------------------------+-------+-------++-------
Melee: War axe           |    45 |   123 ||   168
